 Dungeon Crawl Stone Soup version 0.29.0-13-gc9e81de378 (webtiles) character file.

Game seed: 8679207212002775258

3 Arum the Shield-Bearer (level 1, 18/18 HPs)
             Began as a Formicid Fighter on Sept 9, 2022.
             Was a High Priest of Ignis.
             Got out of the dungeon alive.
             The game lasted 00:00:29 (341 turns).

Arum the Shield-Bearer (Formicid Fighter)            Turns: 341, Time: 00:00:30

Health: 18/18      AC:  6    Str: 20    XL:     1   Next: 55%
Magic:  1/1        EV:  9    Int:  7    God:    Ignis [*****.]
Gold:   7          SH:  5    Dex: 13    Spells: 0/0 levels left

rFire   + . .      SeeInvis +   a - +0 flail
rCold   . . .      Faith    .   c - +0 buckler
rNeg    . . .      Spirit   .   b - +0 scale mail
rPois   .          Reflect  .   (helmet unavailable)
rElec   .          Harm     .   (no cloak)
rCorr   .          Rampage  .   (no gloves)
Will    .....                   (no boots)
Stlth   ..........              (no amulet)
HPRegen 0.06/turn               (no ring)
MPRegen 0.07/turn               (no ring)

@: no status effects
A: permanent stasis, dig shafts and tunnels, antennae 3, four strong arms
a: Dig, Shaft Self, Renounce Religion, Fiery Armour, Foxfire Swarm, Rising Flame


You escaped.
You worshipped Ignis.
Ignis was extremely pleased with you.
You visited 1 branch of the dungeon, and saw 1 of its levels.

You collected 7 gold pieces.

Inventory:

Hand Weapons
 a - a +0 flail (weapon)
Armour
 b - a +0 scale mail (worn)
 c - a +0 buckler (worn)
 f - a +0 chain mail
Jewellery
 e - a ring of fire
Potions
 d - a potion of might


   Skills:
 + Level 3.4 Fighting
 + Level 2.1 Maces & Flails
 - Level 3.2 Armour
 - Level 4.0 Shields


You couldn't memorise any spells.
You didn't know any spells.
Your spell library was empty.

Dungeon Overview and Level Annotations

Branches:
Dungeon (1/15)

Altars:
Ignis


Innate Abilities, Weirdness & Mutations

You cannot be hasted, slowed, berserked, paralysed or teleported.
You can dig through walls and to a lower floor.
You have a pair of large antennae on your head. (SInv)
Your four strong arms can wield two-handed weapons with a shield.


Message History

You hit the ball python but do no damage.
The ball python bites you but does no damage.
You block the ball python's attack.
You barely miss the ball python. The ball python closely misses you.
The ball python barely misses you. The ball python closely misses you.
The ball python barely misses you.
You closely miss the ball python. The ball python barely misses you.
The ball python grabs you. The ball python constricts you.
The ball python bites you but does no damage.
The ball python constricts you.
You sock the ball python!
You kill the ball python!
No target in view!
HP restored.
Found 5 stones.
Found a chain mail.
Found a faded altar of an unknown god.
Found a ring mail.
You see here a +0 chain mail.
f - a +0 chain mail
There is a faded altar of an unknown god here.
You cannot tell which god this altar belongs to.
Convert to them anyway?
Ignis accepts your prayer! Ignis welcomes you!
You sense a monster nearby.
A hobgoblin comes into view.
The hobgoblin shouts!
The hobgoblin closely misses you.
You sock the hobgoblin!
You kill the hobgoblin!
No target in view!
No target in view!
No target in view!
No target in view!
No target in view!
Found an escape hatch in the floor.
You sense a monster nearby.
There is a staircase leading out of the dungeon here.
Are you sure you want to leave the Dungeon?
This will make you lose the game!
You have escaped!

♣.......♣.# ......
♣.......♣.###.##..
♣..♣.♣.........#..
♣...⌠.......#..#.#
♣..♣.♣....#....#.#
♣......♣.##......
♣#......♣.###..#.#
♣......♣♣.........
♣@.♣..♣♣#####..#.#
#♣♣#♣♣♣........#.#
##.#####.#.# #.#.#
#.#.# #.#.# #.#.#
#.#.# #.#..


There were no monsters in sight!

Vanquished Creatures
  A hobgoblin (D:1)
  A ball python (D:1)
  A kobold (D:1)
  A rat (D:1)
4 creatures vanquished.

Notes
Turn   | Place    | Note
-------+----------+-------------------------------------------
     0 | D:1      | Arum the Formicid Fighter began the quest for the Orb.
     0 | D:1      | Reached XP level 1. HP: 18/18 MP: 1/1
   246 | D:1      | Found a faded altar of an unknown god.
   258 | D:1      | Prayed at the altar of an unknown god.
   258 | D:1      | Became a worshipper of Ignis, the Dying Flame
   341 | D:$      | Got out of the dungeon alive.

Illustrated notes

Levels and vault maps discovered:
D:1:      amcnicky_arrival_underground_garden, layout_basic,
          hellmonk_ecumenical_altar_zigzags

Action                   || total
-------------------------++-------
Melee: Flail             ||    19
Armor: Scale mail        ||     7
Dodge: Dodged            ||    10
Block: Buckler           ||     6
